 Dungeon Crawl Stone Soup version 0.30-a0-424-g7412bad402 (webtiles) character file.

Game seed: 3166185903356642561

314 AigisTheKnight the Digger (level 6, -6/38 HPs)
             Began as a Gargoyle Earth Elementalist on Dec 9, 2022.
             Mangled by an orc warrior
             ... wielding a +0 flail
              (15 damage)
             ... on level 4 of the Dungeon.
             The game lasted 00:05:11 (4352 turns).

AigisTheKnight the Digger (GrEE)                    Turns: 4352, Time: 00:05:11

Health: -6/38      AC:  6    Str: 12    XL:     6   Next: 43%
Magic:  2/11       EV: 11    Int: 17    God:
Gold:   307        SH:  5    Dex: 10    Spells: 11/12 levels left

rFire   . . .      SeeInvis .    t - +0 flail
rCold   . . .      Faith    .    (no shield)
rNeg    + . .      Spirit   .    a - +0 robe
rPois   ∞          Reflect  +    (no helmet)
rElec   +          Harm     .    (no cloak)
rCorr   .          Rampage  .    (no gloves)
Will    .....                    (no boots)
Stlth   ++........               p - amulet of reflection
HPRegen 0.26/turn                (no ring)
MPRegen 0.12/turn                (no ring)

@: no status effects
A: sickness immunity, AC +4, negative energy resistance 1, electricity
resistance, torment resistance 1, petrification resistance
a: no special abilities


You were on level 4 of the Dungeon.
You visited 1 branch of the dungeon, and saw 4 of its levels.

You collected 307 gold pieces.

Inventory:

Hand Weapons
 q - a +0 dagger
 t - a +0 flail (weapon)
Armour
 a - a +0 robe (worn)
 k - a +0 ring mail
Jewellery
 p - an amulet of reflection (around neck)
Scrolls
 c - 3 scrolls of poison {unknown}
 d - 2 scrolls of magic mapping {unknown}
 e - 3 scrolls of teleportation {unknown}
 f - a scroll of torment {unknown}
 i - a scroll of blinking {unknown}
 o - a scroll of brand weapon {unknown}
 r - a scroll of silence {unknown}
 s - a scroll of identify {unknown}
 u - a scroll of vulnerability {unknown}
Potions
 b - a potion of magic
 g - 2 potions of curing {unknown}
 h - a potion of flight {unknown}
 j - 2 potions of brilliance {unknown}
 l - a potion of ambrosia {unknown}
 m - 2 potions of degeneration {unknown}
 n - 3 potions of heal wounds {unknown}


   Skills:
 + Level 3.7 Fighting
 - Level 1.5 Dodging
 - Level 2.1 Stealth
 + Level 3.8 Spellcasting
 - Level 0.7 Transmutations
 + Level 5.6 Earth Magic


You had 11 spell levels left.
You knew the following spells:

 Your Spells              Type           Power      Damage    Failure   Level
a - Sandblast             Erth           44%        2d11      1%          1

Your spell library contained the following spells:

 Spells                   Type           Power      Damage    Failure   Level
 Passwall                 Tmut/Erth      11%        N/A       7%          2
 Freeze                   Ice            12%        1d3       16%         1
 Stone Arrow              Conj/Erth      24%        3d8       16%         3
 Petrify                  Tmut/Erth      14%        N/A       41%         4
 Inner Flame              Hex/Fire       3%         N/A       43%         3
 Cause Fear               Hex            1%         N/A       85%         4
 Discord                  Hex            1%         N/A       100%        8


Dungeon Overview and Level Annotations

Branches:
Dungeon (4/15)
 Temple: D:4-7

Altars:

Shops:
D:2 :?


Innate Abilities, Weirdness & Mutations

You are immune to sickness and miasma.
Your stone body is resilient. (AC +4)
You are immune to poison.
You resist negative energy. (rN+)
You are resistant to electric shocks. (rElec)
You are resistant to unholy torment.
You are immune to petrification.


Message History

The blast of sand hits the orc warrior but does no damage.
The orc warrior is moderately wounded.
An orc priest comes into view. It is wielding a +3 hand axe.
Casting: Sandblast (safe; 1% risk of failure)
Confirm with . or Enter, or press ? or * to list all spells.
Aiming: Sandblast (safe; 1% risk of failure)
Press: ? - help, Shift-Dir - straight line, f/p - orc warrior
Aim: an orc warrior, wielding a +0 flail and wearing a +0 plate armour (moderately wounded, 83% to hit)
The blast of sand hits the orc warrior!
The orc warrior is heavily wounded.
The orc warrior hits you with a +0 flail.
Casting: Sandblast (safe; 1% risk of failure)
Confirm with . or Enter, or press ? or * to list all spells.
Aiming: Sandblast (safe; 1% risk of failure)
Press: ? - help, Shift-Dir - straight line, f/p - orc warrior
Aim: an orc warrior, wielding a +0 flail and wearing a +0 plate armour (heavily wounded, 83% to hit)
The blast of sand hits the orc warrior but does no damage.
The orc warrior is heavily wounded.
The orc warrior hits you with a +0 flail!
An orc comes into view. It is wielding a +0 short sword.
The orc warrior hits you with a +0 flail!
* * * LOW HITPOINT WARNING * * *
Casting: Sandblast (safe; 1% risk of failure)
Confirm with . or Enter, or press ? or * to list all spells.
Aiming: Sandblast (safe; 1% risk of failure)
Press: ? - help, Shift-Dir - straight line, f/p - orc warrior
Aim: an orc warrior, wielding a +0 flail and wearing a +0 plate armour (heavily wounded, 83% to hit)
The blast of sand hits the orc warrior but does no damage.
The orc warrior is heavily wounded.
The orc warrior closely misses you.
Casting: Sandblast (safe; 1% risk of failure)
Confirm with . or Enter, or press ? or * to list all spells.
Aiming: Sandblast (safe; 1% risk of failure)
Press: ? - help, Shift-Dir - straight line, f/p - orc warrior
Aim: an orc warrior, wielding a +0 flail and wearing a +0 plate armour (heavily wounded, 83% to hit)
The blast of sand hits the orc warrior.
The orc warrior is severely wounded.
You block the orc warrior's attack.
The orc warrior hits you with a +0 flail!
You die...

##.# ...... #####..#
...... #####.....##
...... ##.........#
...... ##..........#
...... ##...........##
......###.............#
#................#
#@##.............#
#o##.............#
#o##.............#
oo#...............
oo#............†..
#.#######.......... ..
##......... .♣
#..†...... #.........


You could see an orc warrior, an orc priest and 4 orcs.

Vanquished Creatures
  2 scorpions
  An orc wizard (D:3)
  5 adders
  3 gnolls (D:3)
  An ufetubus (D:4)
  A worm (D:3)
  3 dart slugs
  9 orcs
  7 endoplasms
  3 giant cockroaches
  A goblin (D:1)
  5 hobgoblins
  8 jackals
  5 kobolds (D:1)
  7 quokkas
  5 ball pythons
  6 bats
  3 frilled lizards
  5 rats
80 creatures vanquished.

Notes
Turn   | Place    | Note
-------+----------+-------------------------------------------
     0 | D:1      | AigisTheKnight the Gargoyle Earth Elementalist began the
                  | quest for the Orb.
     0 | D:1      | Reached XP level 1. HP: 10/10 MP: 3/3
     2 | D:1      | Noticed a demonspawn
     2 | D:1      | Noticed a vampire
     4 | D:1      | Noticed a human
     4 | D:1      | Noticed a spriggan
     6 | D:1      | Noticed a formicid
     6 | D:1      | Noticed a troll
     8 | D:1      | Noticed an armataur
     8 | D:1      | Noticed a felid
    10 | D:1      | Noticed a minotaur
    10 | D:1      | Noticed a naga
    12 | D:1      | Noticed a merfolk
    14 | D:1      | Noticed a draconian
    14 | D:1      | Noticed a demigod
    16 | D:1      | Noticed a meteoran
    16 | D:1      | Noticed an elf
    18 | D:1      | Noticed a tengu
    18 | D:1      | Noticed a ghoul
    22 | D:1      | Noticed an octopode
    22 | D:1      | Noticed a gargoyle
    24 | D:1      | Noticed a demonspawn
    24 | D:1      | Noticed a vine stalker
    26 | D:1      | Noticed an octopode
    26 | D:1      | Noticed a ghoul
   206 | D:1      | Found a faded altar of an unknown god.
   213 | D:1      | Got Plato's Catalogue of Cold
   268 | D:1      | Reached XP level 2. HP: 16/16 MP: 3/5
   297 | D:1      | Reached skill level 1 in Fighting
   537 | D:1      | Reached skill level 4 in Earth Magic
   853 | D:1      | Reached XP level 3. HP: 20/20 MP: 4/6
  2319 | D:2      | Found Guocviumn's Magic Scroll Shop.
  2353 | D:2      | Found Tain's Book Boutique.
  2754 | D:3      | Reached XP level 4. HP: 26/26 MP: 6/8
  3057 | D:3      | Noticed a scorpion
  3213 | D:3      | Reached XP level 5. HP: 31/31 MP: 6/9
  3299 | D:3      | Reached skill level 5 in Earth Magic
  3701 | D:3      | Reached XP level 6. HP: 32/37 MP: 11/11
  4345 | D:4      | Noticed an orc warrior
  4352 | D:4      | Mangled by an orc warrior

Illustrated notes

Levels and vault maps discovered:
D:1:      kb_arrival_jail, layout_loops_corners,
          shapermc_ecumenical_altar_rom_forum, chequers_big_river,
          hangedman_abyss_or_decor_stabs
D:2:      layout_basic, serial_shops, nicolae_shop_hallway_stairs,
          nicolae_shop_stone, kennysheep_cluttered_room
D:3:      layout_loops_ring, palyth_stone_intersect
D:4:      layout_cave_pods, grunt_ministairs_5

Skill      XL: |  1  2  3  4  5 |
---------------+----------------+-----
Fighting       | 1 2 3 |  3.7
Earth Magic    | 4 5 |  5.6
Spellcasting   | 3 |  3.8
Dodging        | |  1.5
Stealth        | |  2.1
Transmutations | |  0.7

Action                   |  1- 3 |  4- 6 || total
-------------------------+-------+-------++-------
Melee: Unarmed           |     5 |       ||     5
       Flail             |       |    19 ||    19
       Dagger            |       |    10 ||    10
 Cast: Sandblast         |    55 |    67 ||   122
 Stab: Sleeping          |       |     1 ||     1
Armor: Robe              |    11 |    18 ||    29
Dodge: Dodged            |    19 |    28 ||    47
Block: Other             |     1 |    22 ||    23

Table legend: (Time is in decaauts)
 A = Elapsed time spent in this place.
 B = Non-inter-level travel time spent in this place.
 C = Inter-level travel time spent in this place.
 D = Time resting spent in this place.
 E = Time spent auto-exploring this place.
 F = Levels seen in this place.
 G = Mean time per level.
                   A        B        C        D        E       F      G
               +--------+--------+--------+--------+--------+-----+--------+
         Total |   4424 |   4173 |    251 |     77 |   3476 |   4 | 1106.0 |
       Dungeon |   4424 |   4173 |    251 |     77 |   3476 |   4 | 1106.0 |
               +--------+--------+--------+--------+--------+-----+--------+

Top non-repeatable levels by time:
     D:1: 1768 daAuts
     D:3: 1138 daAuts
     D:2: 959 daAuts
     D:4: 557 daAuts
